 Dungeon Crawl Stone Soup version 0.30-a0-591-g3c58d2bc28 (webtiles) character file.

Game seed: 475428246377271150

1810 Oxelix the Grappler (level 8, -3/74 HPs)
             Began as a Troll Monk on Jan 5, 2023.
             Was a Believer of Qazlal.
             Slain by a yak (13 damage)
             ... on level 6 of the Dungeon.
             The game lasted 00:15:13 (4315 turns).

Oxelix the Grappler (Troll Monk)                    Turns: 4315, Time: 00:15:14

Health: -3/74      AC:  4    Str: 22    XL:     8   Next: 84%
Magic:  4/7        EV: 10    Int:  6    God:    Qazlal [**....]
Gold:   275        SH:  3    Dex: 12    Spells: 7/7 levels left

rFire   . . .      SeeInvis .      - Unarmed
rCold   . . .      Faith    .    (no shield)
rNeg    . . .      Spirit   .    a - +0 robe
rPois   .          Reflect  .    (helmet restricted)
rElec   .          Harm     .    (no cloak)
rCorr   .          Rampage  .    (gloves unavailable)
Will    .....                    (boots unavailable)
Stlth   +                        (no amulet)
HPRegen 1.12/turn                (no ring)
MPRegen 0.10/turn                (no ring)

@: no status effects
A: large, unfitting armour, claws 3, regeneration 1, shaggy fur 1, tough skin 1
a: Renounce Religion, Upheaval


You were on level 6 of the Dungeon.
You worshipped Qazlal.
Qazlal was pleased with you.
You visited 2 branches of the dungeon, and saw 7 of its levels.

You collected 330 gold pieces.
You spent 55 gold pieces at shops.

Inventory:

Missiles
 k - 7 boomerangs (quivered)
Armour
 a - a +0 robe (worn)
Jewellery
 r - a +6 ring of strength
Wands
 w - a wand of flame (11)
 y - a wand of roots (8)
Scrolls
 c - 4 scrolls of identify {unknown}
 d - a scroll of teleportation {unknown}
 f - a scroll of brand weapon {unknown}
 g - a scroll of magic mapping {unknown}
 i - 2 scrolls of blinking {unknown}
 l - 2 scrolls of fear {unknown}
 m - 2 scrolls of torment {unknown}
 p - 2 scrolls of immolation {unknown}
 q - a scroll of enchant armour {unknown}
 t - a scroll of vulnerability {unknown}
 x - a scroll of noise {unknown}
Potions
 b - 2 potions of ambrosia
 e - 2 potions of degeneration {unknown}
 h - 4 potions of haste {unknown}
 j - 4 potions of heal wounds
 n - 5 potions of might {unknown}
 o - 2 potions of lignification {unknown}
 s - 2 potions of mutation {unknown}
 u - a potion of berserk rage {unknown}
 v - a potion of curing {unknown}
 z - a potion of invisibility {unknown}
 A - a potion of brilliance {unknown}


   Skills:
 - Level 2.4 Fighting
 - Level 2.4 Dodging
 - Level 1.0 Stealth
 * Level 11.8 Unarmed Combat


You had 7 spell levels left.
You didn't know any spells.
Your spell library contained the following spells:

 Spells                   Type           Power      Damage    Failure   Level
 Beastly Appendage        Tmut           0%         N/A       45%         1
 Freeze                   Ice            0%         1d3       45%         1
 Necrotise                Necr           0%         1d4       45%         1
 Ensorcelled Hibernation  Hex/Ice        0%         N/A       58%         2
 Wereblood                Tmut           0%         N/A       58%         2
 Frozen Ramparts          Ice            0%         1d1       83%         3
 Hailstorm                Conj/Ice       0%         3d3       83%         3
 Spider Form              Tmut/Pois      0%         N/A       83%         3
 Tukima's Dance           Hex            0%         N/A       83%         3
 Vampiric Draining        Necr           0%         2d6       83%         3
 Anguish                  Hex/Necr       0%         N/A       99%         4
 Passage of Golubria      Tloc           0%         N/A       99%         4
 Agony                    Necr           0%         N/A       100%        5
 Yara's Violent Unravell  Hex/Tmut       0%         3d3       100%        5


Dungeon Overview and Level Annotations

Branches:
Dungeon (6/15)             Temple (1/1) D:5

Altars:
Ashenzari
Cheibriados
Dithmenos
Elyvilon
Fedhas
Gozag
Hepliaklqana
Kikubaaqudgha
Makhleb
Nemelex Xobeh
Okawaru
Qazlal
Ru
Sif Muna
Trog
Uskayaw
Vehumet
Wu Jian
Xom
Zin
The Shining One

Shops:
D:2 !


Innate Abilities, Weirdness & Mutations

You are too large for most types of armour.
You have claws for hands.
Your natural rate of healing is unusually fast.
You are covered in fur. (AC +1)
You have tough skin. (AC +1)


Message History

You closely miss the yak.
The yak is severely wounded.
You block the yak's attack.
An ogre comes into view. It is wielding a +0 giant club.
You mangle the yak!!
You kill the yak!
Qazlal accepts your kill.
A troll comes into view.
The yak closely misses you.
The ogre hits you with a +0 giant club!!
You see here a yak corpse.
You claw the yak!
The yak is moderately wounded.
The yak closely misses you. The ogre barely misses you.
The yak attacks as you move away! The yak gores you.
You scratch the yak but do no damage.
The yak is moderately wounded.
The yak gores you!
* * * LOW HITPOINT WARNING * * *
You scratch the yak but do no damage.
The yak is moderately wounded.
The yak gores you.
* * * LOW HITPOINT WARNING * * *
You closely miss the yak.
The yak is moderately wounded.
Aiming: Upheaval
Press: ? - help, Dir - move target, f - troll
Aim: a troll A blizzard blasts the area with ice!
The blast of ice hits the troll.
The troll is lightly wounded.
The troll is flash-frozen.
The yak gores you!
* * * LOW HITPOINT WARNING * * *
You barely miss the yak.
The yak is moderately wounded.
The yak barely misses you.
You claw the yak!
The yak is heavily wounded.
The yak gores you!
You die...

..##....#.##
...........#
...........##
............##
.............# ##
.............# #.
.............# .#
...........#######T##
............# #.@YO.#
...........## #.#####
....#.....### #.#
..#.##......###.#
.##.............#
.#..........#####
............##
#>...........##
..............##


You could see a yak, a troll (frozen) and an ogre.

Vanquished Creatures
  A kobold demonologist (D:6)
  A yak (D:6)
  A black bear (D:5)
  An ice beast (D:6)
  An ogre (D:5)
  2 phantoms
  A kobold brigand (D:6)
  A necrophage (D:5)
  3 scorpions
  3 jellies
  2 orc priests (D:4)
  3 hounds
  3 iguanas
  4 orc wizards
  7 adders
  7 gnolls
  A shadow imp (D:5)
  2 white imps (D:6)
  2 worms
  2 dart slugs
  18 orcs
  7 ball pythons
  8 endoplasms
  7 giant cockroaches
  17 goblins
  9 hobgoblins
  11 jackals
  4 quokkas
  3 bats (D:1)
  5 frilled lizards (D:1)
  11 kobolds
  4 rats
152 creatures vanquished.

Notes
Turn   | Place    | Note
-------+----------+-------------------------------------------
     0 | D:1      | Oxelix the Troll Monk began the quest for the Orb.
     0 | D:1      | Reached XP level 1. HP: 22/22 MP: 0/0
   109 | D:1      | Reached XP level 2. HP: 29/29 MP: 1/1
   234 | D:1      | Reached skill level 4 in Unarmed Combat
   290 | D:1      | Found a faded altar of an unknown god.
   297 | D:1      | Reached XP level 3. HP: 35/36 MP: 2/2
   569 | D:2      | Found a shimmering altar of Xom.
   655 | D:2      | Reached XP level 4. HP: 39/44 MP: 3/3
   670 | D:2      | Reached skill level 5 in Unarmed Combat
   777 | D:2      | Found Refaem's Distillery.
   785 | D:2      | Bought a potion of heal wounds for 55 gold pieces
  1627 | D:3      | Reached XP level 5. HP: 37/50 MP: 4/4
  1891 | D:4      | Noticed a phantom
  1899 | D:4      | Killed a phantom
  1900 | D:4      | Reached skill level 6 in Unarmed Combat
  2033 | D:4      | Reached XP level 6. HP: 59/59 MP: 5/5
  2119 | D:4      | Reached skill level 7 in Unarmed Combat
  2577 | D:5      | Entered Level 5 of the Dungeon
  2631 | D:5      | Reached skill level 8 in Unarmed Combat
  2631 | D:5      | Reached XP level 7. HP: 60/66 MP: 6/6
  2840 | D:5      | Found a staircase to the Ecumenical Temple.
  3060 | Temple   | Entered the Ecumenical Temple
  3132 | Temple   | Became a worshipper of Qazlal Stormbringer
  3132 | Temple   | Reached * piety under Qazlal
  3132 | Temple   | Reached ** piety under Qazlal
  3458 | D:5      | Reached skill level 9 in Unarmed Combat
  3741 | D:6      | Reached XP level 8. HP: 59/74 MP: 7/7
  3765 | D:6      | Reached skill level 10 in Unarmed Combat
  3827 | D:6      | Found a white marble altar of Elyvilon.
  3860 | D:6      | Noticed a kobold demonologist
  3874 | D:6      | Found an opulent altar of Gozag.
  3884 | D:6      | Found a sacrificial altar of Ru.
  3886 | D:6      | Found a snail-covered altar of Cheibriados.
  3888 | D:6      | Found a glowing golden altar of the Shining One.
  3894 | D:6      | Noticed a hellwing
  3899 | D:6      | Killed a kobold demonologist
  3900 | D:6      | Reached skill level 11 in Unarmed Combat
  3910 | D:6      | Found a sparkling altar of Nemelex Xobeh.
  3978 | D:6      | Identified the +1 ring mail "Asaneocy" {+Blink rElec}
  4307 | D:6      | Noticed a troll
  4315 | D:6      | Slain by a yak

Illustrated notes

Levels and vault maps discovered:
D:1:      lightli_arrival_isolated_outpost, layout_rooms,
          chequers_ecumenical_altar_simple, chequers_serial_rivers_room_b
D:2:      layout_basic, serial_glass, glass_columns_a, glass_columns_a,
          glass_columns_a, glass_columns_b, basic_altar, serial_shops,
          shop_fountains
D:3:      cheibrodos_greedy_goblins, layout_loops_ring, serial_park_tiny_2
D:4:      layout_basic
D:5:      layout_basic, minmay_temple_entry_ruins, skrybe_limestone_x,
          minmay_diced_spiral
D:6:      minmay_cornered_nines, layout_cave_pools,
          nicolae_overflow_hallway_of_the_gods
Temple:   nicolae_temple_no_exploring_needed

Skill      XL: |  1  2  3  4  5  6  7  8 |
---------------+-------------------------+-----
Unarmed Combat | 4 5 6 8 9 11 | 11.8
Fighting       | |  2.4
Dodging        | |  2.4
Stealth        | |  1.0

Action                   |  1- 3 |  4- 6 |  7- 9 || total
-------------------------+-------+-------+-------++-------
Melee: Unarmed           |   121 |   162 |   136 ||   419
       Punch             |     2 |     4 |     7 ||    13
Throw: Boomerang         |       |     2 |       ||     2
Invok: Upheaval          |       |       |     4 ||     4
 Stab: Sleeping          |     1 |     2 |       ||     3
Armor: Robe              |    54 |    58 |    28 ||   140
Dodge: Dodged            |    68 |    90 |    47 ||   205
Block: Other             |       |       |     9 ||     9

Table legend: (Time is in decaauts)
 A = Elapsed time spent in this place.
 B = Non-inter-level travel time spent in this place.
 C = Inter-level travel time spent in this place.
 D = Time resting spent in this place.
 E = Time spent auto-exploring this place.
 F = Levels seen in this place.
 G = Mean time per level.
                   A        B        C        D        E       F      G
               +--------+--------+--------+--------+--------+-----+--------+
         Total |   4260 |   4140 |    120 |     13 |   2975 |   7 |  608.6 |
       Dungeon |   4176 |   4056 |    120 |     13 |   2975 |   6 |  696.0 |
        Temple |     83 |     83 |      0 |      0 |      0 |   1 |   83.0 |
               +--------+--------+--------+--------+--------+-----+--------+

Top non-repeatable levels by time:
     D:5: 1058 daAuts
     D:4: 709 daAuts
     D:3: 694 daAuts
     D:2: 651 daAuts
     D:6: 568 daAuts
     D:1: 494 daAuts
  Temple: 83 daAuts
